 Dungeon Crawl Stone Soup version 0.27.0-1-g7a089689b8 (webtiles) character file.

Game seed: 16735537524769596694

1510 Ijustatesigmund the Cudgeller (level 8, -2/78 HPs)
             Began as a Gargoyle Fighter on Aug 10, 2021.
             Slain by Maggie (10 damage)
             ... on level 6 of the Dungeon.
             The game lasted 00:09:03 (5152 turns).

Ijustatesigmund the Cudgeller (Gargoyle Fighter)    Turns: 5152, Time: 00:09:04

Health: -2/78      AC: 24    Str: 20    XL:     8   Next: 83%
Magic:  8/8        EV:  2    Int:  9    God:
Gold:   180        SH: 12    Dex: 11    Spells: 7/7 levels left

rFire    . . .     SeeInvis .   a - +0 flail
rCold    . . .     Faith    .   c - +2 kite shield
rNeg     + + +     Spirit   .   (armour currently unavailable)
rPois    ∞         Reflect  .   (helmet currently unavailable)
rElec    .         Harm     .   (cloak currently unavailable)
rCorr    +         Rampage  .   (gloves currently unavailable)
Will     .....     NoTele   +   (boots currently unavailable)
Stlth    +.........             (no amulet)
HPRegen  0.23/turn              o - ring of resist corrosion
MPRegen  0.11/turn              (no ring)

@: tree-form, mesmerised
A: stationary, stasis, torment immunity, boosted hp, sickness immunity, AC +5,
negative energy resistance 1, (electricity resistance), torment resistance 1,
petrification resistance
a: no special abilities


You were on level 6 of the Dungeon.
You were a tree.
You visited 2 branches of the dungeon, and saw 7 of its levels.

You collected 180 gold pieces.

Inventory:

Hand Weapons
 a - a +0 flail (weapon)
Armour
 b - the +1 chain mail of the Evil One (melded) {Dex+3}
   (You found it on level 4 of the Dungeon)

   Dex:       It affects your dexterity (+3).
 c - a +2 kite shield (worn)
 d - a +0 pair of boots (melded)
 s - a +1 cloak (melded)
 u - a +0 pair of gloves (melded)
Jewellery
 o - a ring of resist corrosion (left branch)
 v - an amulet of regeneration
Wands
 g - a wand of flame (21)
 i - a wand of digging (3)
 t - a wand of iceblast (2)
Scrolls
 r - a scroll of immolation
Potions
 e - 3 potions of flight
 f - 2 potions of attraction
 h - a potion of magic
 l - 2 potions of brilliance
 m - a potion of invisibility
 n - 2 potions of curing
 p - a potion of heal wounds {unknown}
 q - a potion of degeneration {unknown}


   Skills:
 + Level 6.7 Fighting
 + Level 7.0 Maces & Flails
 + Level 5.1 Armour
 + Level 2.7 Dodging
 + Level 5.2 Shields


You had 7 spell levels left.
You didn't know any spells.
Your spell library contained the following spells:

 Spells                   Type           Power      Damage    Failure   Level
 Call Canine Familiar     Summ           0%         N/A       99%         3
 Gell's Gravitas          Tloc           0%         N/A       99%         3
 Lesser Beckoning         Tloc           0%         N/A       99%         3
 Portal Projectile        Hex/Tloc       0%         N/A       99%         3
 Teleport Other           Tloc           0%         N/A       99%         3
 Leda's Liquefaction      Hex/Erth       0%         N/A       100%        4


Dungeon Overview and Level Annotations

Branches:
Dungeon (6/15)             Temple (1/1) D:5

Altars:
Ashenzari
Dithmenos
Elyvilon
Hepliaklqana
Kikubaaqudgha
Makhleb
Nemelex Xobeh
Okawaru
Qazlal
Ru
Sif Muna
Uskayaw
Wu Jian
Xom
Yredelemnul
Zin
The Shining One

Shops:
D:5 *

Annotations:
D:3 Sigmund
D:5 2 transporters, GordonOverkill's ghost, amateur HuDe
D:6 Maggie


Innate Abilities, Weirdness & Mutations

You are a tree.
Your roots penetrate the ground, keeping you stationary.
You cannot be teleported.
You are immune to unholy pain and torment.
Your maximum health is greatly increased.
Your equipment is partially melded.
You are immune to sickness and miasma.
((Your stone body is resilient. (AC +5)))
You are immune to poison.
You resist negative energy. (rN+)
((You are resistant to electric shocks. (rElec)))
You are resistant to unholy torment.
You are immune to petrification.


Message History

Maggie is almost dead.
The adder bites you but does no damage. Maggie casts a spell at you.
The bolt of fire hits you!
* * * LOW HITPOINT WARNING * * *
You hit Maggie.
Maggie is almost dead.
The adder bites you but does no damage. You block Maggie's attack.
The adder bites you.
* * * LOW HITPOINT WARNING * * *
You sock Maggie!
Maggie is almost dead.
The adder bites you but does no damage.
Maggie gestures wildly while chanting.
Maggie attempts to bespell you!
You are mesmerised by Maggie!
The adder bites you but does no damage.
You feel better.
Maggie hits you with a +1 halberd of flaming.
* * * LOW HITPOINT WARNING * * *
Maggie burns you.
* * * LOW HITPOINT WARNING * * *
You block the adder's attack.
You hit Maggie but do no damage.
Maggie is almost dead.
Maggie gestures at you while chanting. The bolt of fire hits you!
* * * LOW HITPOINT WARNING * * *
You block the adder's attack.
Maggie gestures wildly while chanting.
Maggie draws you further into her thrall.
The adder bites you but does no damage.
Really quaff the potion of lignification?
You turn into a tree.
Your +1 cloak melds into your body.
Your +0 pair of gloves melds into your body.
Your +0 pair of boots melds into your body.
The +1 chain mail of the Evil One {Dex+3} melds into your body.
Your roots penetrate the ground.
The adder bites you but does no damage.
Maggie hits you with a +1 halberd of flaming!
You die...

.......... ......... .......
......... .....# .........
#.....# ........# ..#...#
......###.# #..###### ...
#..@....# #..##..## ..#
#S♣##.## #..#..... ..# #.#
#..##..####........ ... #.#
#..##..#...##.....# ... #.#
##.......#####†...# ##.. #.#
##..###.## ##.##. ##...####.##
##.### #.# ##..#
.....#.....###..# #.## ##...#
#.....#.....## ##..###....#
####....##..##..####...##..##.#


You could see Maggie (mesmerising) and an adder.

Vanquished Creatures
  Grinder (D:3)
  Eustachio (D:6)
  Duvessa (D:5)
  A water moccasin (D:6)
  2 ice beasts (D:6)
  A necrophage (D:6)
  Dowan (D:4)
  2 scorpions
  3 hounds
  A jelly (D:5)
  A centaur skeleton (D:5)
  Crazy Yiuf (D:4)
  A bullfrog skeleton (D:5)
  Natasha (thrice) (D:3)
  Ijyb (D:3)
  2 iguanas
  A hound zombie (D:5)
  A hound skeleton (D:5)
  6 adders
  An ufetubus (D:5)
  2 worms (D:2)
  A dart slug (D:5)
  2 orcs (D:5)
  3 ball pythons
  2 endoplasms
  3 giant cockroaches
  5 goblins
  7 hobgoblins
  12 jackals
  4 kobolds
  2 quokkas
  6 bats
  6 frilled lizards
  A quokka skeleton (D:4)
  6 rats
94 creatures vanquished.

Notes
Turn   | Place    | Note
-------+----------+-------------------------------------------
     0 | D:1      | Ijustatesigmund the Gargoyle Fighter began the quest for
                  | the Orb.
     0 | D:1      | Reached XP level 1. HP: 14/14 MP: 1/1
    28 | D:1      | Reached XP level 2. HP: 11/19 MP: 2/2
   353 | D:1      | Reached skill level 3 in Maces & Flails
   358 | D:1      | Reached XP level 3. HP: 24/24 MP: 3/3
   962 | D:2      | Reached XP level 4. HP: 22/29 MP: 4/4
  1312 | D:2      | Found a faded altar of an unknown god.
  1656 | D:3      | Reached skill level 4 in Maces & Flails
  1803 | D:3      | Noticed Natasha
  1815 | D:3      | Killed Natasha
  1816 | D:3      | Reached XP level 5. HP: 12/34 MP: 5/5
  1826 | D:3      | Noticed Natasha
  2029 | D:3      | Killed Natasha
  2115 | D:3      | Noticed Grinder
  2120 | D:3      | Paralysed by Grinder for 4 turns
  2125 | D:3      | Paralysed by Grinder for 5 turns
  2138 | D:3      | Paralysed by Grinder for 5 turns
  2152 | D:3      | Killed Grinder
  2153 | D:3      | Reached skill level 5 in Fighting
  2153 | D:3      | Reached skill level 5 in Maces & Flails
  2153 | D:3      | Reached XP level 6. HP: 10/40 MP: 6/6
  2624 | D:3      | Noticed Natasha
  2629 | D:3      | Killed Natasha
  2837 | D:3      | Noticed Ijyb
  2847 | D:3      | Killed Ijyb
  2857 | D:3      | Noticed Sigmund
  2959 | D:4      | Identified the +1 chain mail of the Evil One {Dex+3}
  3090 | D:4      | Reached skill level 6 in Maces & Flails
  3090 | D:4      | Reached XP level 7. HP: 43/44 MP: 7/7
  3503 | D:4      | Found a runed translucent door.
  3504 | D:4      | Noticed Crazy Yiuf
  3511 | D:4      | Killed Crazy Yiuf
  3557 | D:5      | Entered Level 5 of the Dungeon
  3573 | D:5      | Found a transporter.
  3573 | D:5      | Noticed GordonOverkill's ghost (amateur HuDe)
  3586 | D:5      | Reached skill level 1 in Dodging
  3610 | D:5      | Found a shimmering blue altar of Sif Muna.
  3666 | D:5      | Found an ancient bone altar of Kikubaaqudgha.
  3815 | D:5      | Found Zin's Purification Station.
  3818 | D:5      | Found a glowing silver altar of Zin.
  3858 | D:5      | Found a burning altar of Makhleb.
  3898 | D:5      | Found a transporter.
  4044 | D:5      | Noticed Duvessa
  4045 | D:5      | Noticed Dowan
  4185 | D:5      | Killed Duvessa
  4250 | D:4      | Killed Dowan
  4251 | D:4      | Reached XP level 8. HP: 51/51 MP: 8/8
  4349 | D:5      | Found a staircase to the Ecumenical Temple.
  4508 | D:5      | Found a basalt altar of Yredelemnul.
  4595 | Temple   | Entered the Ecumenical Temple
  5018 | D:6      | Noticed Eustachio
  5036 | D:6      | Killed Eustachio
  5037 | D:6      | Reached skill level 5 in Armour
  5037 | D:6      | Reached skill level 5 in Shields
  5056 | D:6      | Reached skill level 7 in Maces & Flails
  5135 | D:6      | Noticed Maggie
  5152 | D:6      | Slain by Maggie

Illustrated notes

Levels and vault maps discovered:
D:1:      minmay_arrival_statue_studded, layout_rooms, roderic_serpentine_path
D:2:      layout_basic, shapermc_ecumenical_altar_hornbeckon
D:3:      layout_basic, cheibriados_altar_1, minmay_crystal_water,
          roderic_roman_lattice, patterned_corridor, uniq_ijyb, uniq_sigmund,
          uniq_grinder, uniq_natasha
D:4:      layout_loops_ring, uniq_crazy_yiuf_cottage
D:5:      layout_cave_pools, zin_purify, mainiacjoe_overflow_small_starburst,
          kiku_gazebo_garden_becter, lemuel_coloured_pillars_altar,
          mainiacjoe_overflow_24_doors, temple_pool_b,
          gammafunk_ghost_mausoleum, chequers_serial_rivers_small_b,
          uniq_duvessa
D:6:      layout_layer_cave, kennysheep_minor_cross, uniq_maggie, uniq_eustachio
Temple:   nicolae_temple_x_marks_the_god

Skill      XL: |  1  2  3  4  5  6  7  8 |
---------------+-------------------------+-----
Maces & Flails | 3 4 5 6 7 |  7.0
Fighting       | 4 5 6 |  6.7
Dodging        | 1 2 |  2.7
Armour         | 4 5 |  5.1
Shields        | 4 5 |  5.2

Action                   |  1- 3 |  4- 6 |  7- 9 || total
-------------------------+-------+-------+-------++-------
Melee: Flail             |   105 |   146 |   196 ||   447
Evoke: Wand              |       |       |     8 ||     8
  Use: Potion            |     1 |     2 |     3 ||     6
       Scroll            |       |     9 |     7 ||    16
Armor: Scale mail        |    74 |    34 |       ||   108
       Chain mail        |       |    63 |   135 ||   198
       Skin              |       |       |    12 ||    12
Dodge: Dodged            |    39 |    34 |    50 ||   123
Block: Kite shield       |    70 |   109 |   133 ||   312
